[Event "Titled Tuesday Blitz May 31 Late 2022"]
[White "Indjic, Aleksandar"]
[Black "Christiansen, Johan-Sebastian"]
[WhiteFideId "911925"]
[BlackFideId "1512668"]
[WhiteElo "2616"]
[BlackElo "2513"]
[Result "0-1"]
[Round "06"]
[TimeControl "180+1"]
[Date "2022.05.31"]
[WhiteClock "0:00:14"]
[BlackClock "0:00:13"]

1. d4 Nf6 2. Nf3 d5 3. Bf4 Nh5 4. e3 Nxf4 5. exf4 c5 6. dxc5 e6 7. Nbd2 Bxc5 8. Nb3 Bd6 9. g3 O-O 10. Bd3 h6 11. O-O Nc6 12. Re1 a5 13. a4 Nb4 14. Bb5 Bd7 15. c3 Na6 16. Bxd7 Qxd7 17. Qe2 Nc7 18. Nbd4 Rfb8 19. Nb5 Ra6 20. b3 Ne8 21. Kg2 Nf6 22. c4 dxc4 23. bxc4 Bb4 24. Red1 Qe7 25. Ne5 Rc8 26. Rd3 Raa8 27. Rad1 Rd8 28. g4 Bc5 29. g5 hxg5 30. fxg5 Nh7 31. h4 Rxd3 32. Qxd3 Nf8 33. f4 Bb6 34. Qd6 Qxd6 35. Rxd6 Bc5 36. Rd3 Rc8 37. h5 Bb4 38. Rd4 f6 39. Nf3 Bc5 40. Rd3 Bb4 41. Rd4 Bc5 42. Re4 Bb4 43. g6 Rc5 44. Rd4 Rxh5 45. Rd8 Rh6 46. Nfd4 Rxg6+ 47. Kf3 Kh7 48. Nc7 e5 49. Nc2 Bc5 50. f5 Rg5 51. Ke4 Rg4+ 52. Kd5 Bb6 53. Rxf8 Bxc7 54. Ke6 Rxc4 55. Ne3 Rc6+ 56. Kd7 Bb6 57. Nd5 Bc5 58. Re8 Rd6+ 59. Kc7 Rxd5 60. Kxb7 Rd4 61. Kc6 Bb4 0-1


[Site "https://www.chess.com"]

[Event "Titled Tuesday Blitz May 31 Late 2022"]
[White "Ivic, Velimir"]
[Black "Harvey, Marcus R"]
[WhiteFideId "950122"]
[BlackFideId "400092"]
[WhiteElo "2610"]
[BlackElo "2485"]
[Result "1-0"]
[Round "06"]
[TimeControl "180+1"]
[Date "2022.05.31"]
[WhiteClock "0:02:15"]
[BlackClock "0:00:02"]

1. c4 Nf6 2. Nc3 e6 3. d4 Bb4 4. Nf3 O-O 5. g3 c5 6. dxc5 Na6 7. Bg2 Nxc5 8. O-O Bxc3 9. bxc3 d6 10. Bg5 h6 11. Bxf6 Qxf6 12. Qxd6 Ne4 13. Qd3 Nxc3 14. a4 Rd8 15. Qe3 Bd7 16. Ne5 Nxa4 17. Nxd7 Qc3 18. Rxa4 Qxe3 19. fxe3 Rxd7 20. Rb1 Rad8 21. Rxb7 Rd1+ 22. Kf2 Rc1 23. Raxa7 Rf8 24. Rc7 g5 25. c5 Rc3 26. c6 Kg7 27. Be4 Kf6 28. Bd3 Rc5 29. Rab7 h5 30. Rb5 Rc1 31. Rb4 Rd8 32. Rc4 Rf8 33. Rxc1 1-0


[Site "https://www.chess.com"]

[Event "Titled Tuesday Blitz May 31 Late 2022"]
[White "Janaszak, Dawid"]
[Black "D`Arruda, Ricardo D."]
[WhiteFideId "1119206"]
[BlackFideId "100692"]
[WhiteElo "2199"]
[BlackElo "2443"]
[Result "1-0"]
[Round "06"]
[TimeControl "180+1"]
[Date "2022.06.01"]
[WhiteClock "0:00:11"]
[BlackClock "0:00:01"]

1. e4 c5 2. Nc3 e6 3. Nge2 Nc6 4. g3 Nf6 5. Bg2 Rb8 6. d4 cxd4 7. Nxd4 Be7 8. O-O O-O 9. Nxc6 bxc6 10. e5 Nd5 11. Ne4 f5 12. exf6 Nxf6 13. c3 d5 14. Ng5 e5 15. Qc2 h6 16. Nf3 Bd6 17. Re1 Qc7 18. Qg6 Bg4 19. h3 Bh5 20. Qf5 Rbe8 21. Be3 Bf7 22. Qc2 Be6 23. Nh4 g5 24. Nf5 Qh7 25. g4 Bxf5 26. gxf5 Nh5 27. Qa4 Rc8 28. Qxa7 Qxf5 29. Rf1 Nf4 30. Bxf4 Qxf4 31. Qe3 Qf5 32. Rad1 e4 33. Rfe1 Bf4 34. Qc5 Rf6 35. c4 e3 36. cxd5 exf2+ 37. Kxf2 Bh2+ 38. Ke2 Re8+ 39. Kd2 Bf4+ 40. Kc3 1-0


[Site "https://www.chess.com"]

[Event "Titled Tuesday Blitz May 31 Late 2022"]
[White "Jarmula, Lukasz"]
[Black "Oparin, Grigoriy"]
[WhiteFideId "1160664"]
[BlackFideId "24125890"]
[WhiteElo "2181"]
[BlackElo "2665"]
[Result "0-1"]
[Round "06"]
[TimeControl "180+1"]
[Date "2022.05.31"]
[WhiteClock "0:00:05"]
[BlackClock "0:00:50"]

1. d4 e6 2. e4 d5 3. Nd2 dxe4 4. Nxe4 Nd7 5. Nf3 Ngf6 6. Nxf6+ Nxf6 7. c3 Be7 8. Bd3 O-O 9. O-O b6 10. Bg5 Bb7 11. Qe2 h6 12. Bh4 c5 13. dxc5 bxc5 14. Rad1 Qc7 15. Bg3 Qc6 16. Bb5 Qb6 17. Ne5 Rad8 18. a4 a6 19. Bd3 Bd5 20. Bxa6 Bb3 21. Rxd8 Rxd8 22. Bb5 Bd5 23. Ra1 Ra8 24. f3 Bd6 25. Nc4 Bxc4 26. Qxc4 Bxg3 27. hxg3 Nd5 28. Kh2 h5 29. Qe4 Qb8 30. Bc6 Ra6 31. Bxd5 exd5 32. Qxd5 h4 33. Kg1 hxg3 34. Rd1 Qxb2 35. Qd8+ Kh7 36. Qh4+ Rh6 37. Qxg3 Qc2 38. Qe1 Qxa4 39. Qe4+ Qxe4 40. fxe4 Re6 41. Rd5 Rxe4 42. Rxc5 Re2 43. Kf1 Rc2 44. c4 Kg6 45. Rc7 f5 46. Kg1 Kf6 47. Kh2 g6 48. Kg3 Rc3+ 49. Kf2 Kg5 50. Rc6 Kh5 51. c5 g5 52. Rc8 Kg4 53. c6 Rc2+ 54. Kf1 Kg3 55. Rg8 g4 56. Rf8 Rc1+ 57. Ke2 Rxc6 58. Rxf5 Kxg2 59. Rg5 g3 60. Ke3 Re6+ 61. Kf4 Rf6+ 62. Ke3 Rf8 63. Rg7 Re8+ 64. Kf4 Kf2 65. Rc7 g2 66. Rc1 g1=Q 0-1


[Site "https://www.chess.com"]

[Event "Titled Tuesday Blitz May 31 Late 2022"]
[White "Jarocka, Liwia"]
[Black "Kozin, Yuri"]
[WhiteFideId "21807558"]
[BlackFideId "4129920"]
[WhiteElo "1887"]
[BlackElo "2588"]
[Result "1-0"]
[Round "06"]
[TimeControl "180+1"]
[Date "2022.06.01"]
[WhiteClock "0:00:19"]
[BlackClock "0:00:13"]

1. e4 c5 2. Nf3 e6 3. d4 cxd4 4. Nxd4 a6 5. Be2 Nf6 6. Nc3 Qc7 7. O-O Nc6 8. Be3 d6 9. f4 Be7 10. Kh1 O-O 11. Qe1 Nxd4 12. Bxd4 e5 13. Be3 exf4 14. Bxf4 Be6 15. Rd1 b5 16. Qg3 Rad8 17. e5 Ne8 18. Ne4 dxe5 19. Bxe5 Qc8 20. c3 f6 21. Bf4 Bf5 22. Qe3 Qc6 23. Ng3 Rxd1 24. Rxd1 Bh3 25. Bf3 Qc5 26. Qxc5 Bxc5 27. gxh3 g6 28. Ne4 Bb6 29. Bg3 h5 30. h4 Kh7 31. Rd7+ Kh8 32. Kg2 Ng7 33. Rb7 Bd8 34. Nd6 Kh7 35. Ra7 Kh6 36. Nf7+ Kh7 37. Nxd8 Rxd8 38. Rxa6 Rd2+ 39. Kg1 Nf5 40. Rxf6 Rxb2 41. Be4 Ne3 42. Rxg6 Kh8 43. Be5+ Kh7 44. Rg2+ Kh6 45. Bf4# 1-0


[Site "https://www.chess.com"]

[Event "Titled Tuesday Blitz May 31 Late 2022"]
[White "Jeet, Jain"]
[Black "Urazayev, Arystanbek"]
[WhiteFideId "5073022"]
[BlackFideId "13709810"]
[WhiteElo "2028"]
[BlackElo "2422"]
[Result "0-1"]
[Round "06"]
[TimeControl "180+1"]
[Date "2022.05.31"]
[WhiteClock "0:00:03"]
[BlackClock "0:00:15"]

1. Nf3 Nf6 2. e3 g6 3. b3 Bg7 4. Bb2 O-O 5. c4 b6 6. Be2 Bb7 7. O-O c5 8. d4 e6 9. Nc3 Ne4 10. Nxe4 Bxe4 11. Nd2 Bb7 12. Bf3 Qc7 13. Bxb7 Qxb7 14. Qf3 Nc6 15. Rab1 cxd4 16. Bxd4 Bxd4 17. exd4 d5 18. Qf4 Rad8 19. Nf3 Qe7 20. Rbc1 Na5 21. c5 bxc5 22. Rxc5 Nb7 23. Rc7 Rd7 24. Rfc1 Rfd8 25. Rxd7 Rxd7 26. Ne5 Rc7 27. Rxc7 Qxc7 28. Nxg6 Qc3 29. Ne7+ Kf8 30. Qb8+ Kxe7 31. Qxb7+ Kf6 32. g3 Qa1+ 33. Kg2 Qxd4 34. a4 Qe4+ 35. Kg1 Qe1+ 36. Kg2 a5 37. Qb6 Qe4+ 38. Kg1 d4 39. Qxa5 d3 40. Qc3+ e5 41. a5 Qe2 42. Qc6+ Kg7 43. a6 d2 44. a7 d1=Q+ 45. Kg2 Qdf1# 0-1


[Site "https://www.chess.com"]

[Event "Titled Tuesday Blitz May 31 Late 2022"]
[White "Jia, Haoxiang"]
[Black "Lashkin, Jegor"]
[WhiteFideId "8602999"]
[BlackFideId "13907808"]
[WhiteElo "2629"]
[BlackElo "2368"]
[Result "0-1"]
[Round "06"]
[TimeControl "180+1"]
[Date "2022.05.31"]
[WhiteClock "0:00:02"]
[BlackClock "0:00:15"]

1. e4 c5 2. Nc3 d6 3. g3 g6 4. Bg2 Bg7 5. d3 Nc6 6. Be3 Rb8 7. Qd2 b5 8. Nge2 b4 9. Nd1 Nd4 10. O-O e6 11. a3 b3 12. c3 Nxe2+ 13. Qxe2 Ne7 14. Qd2 Ba6 15. Re1 O-O 16. d4 Nc6 17. e5 Na5 18. Bh6 dxe5 19. Bxg7 Kxg7 20. Rxe5 Nc4 21. Qe1 cxd4 22. Rc5 d3 23. Qe4 f5 24. Qc6 Rc8 25. Qxc8 Bxc8 26. Rxc4 Ba6 27. Rd4 Qc7 28. Ne3 Rd8 29. Rxd8 Qxd8 30. Rd1 e5 31. Nd5 e4 32. Nf4 Qd6 33. Rd2 Bc4 34. Bf1 Kf7 35. h4 h6 36. Ng2 Be6 37. Ne3 f4 38. gxf4 Qxf4 39. Bg2 Qxh4 40. Nf1 Qf4 41. Rd1 Bg4 42. Re1 d2 43. Nxd2 Qxd2 44. Rxe4 Bf5 45. Rb4 Qxb2 46. Bd5+ Be6 47. Rb7+ Kf6 48. Be4 Qxc3 49. f3 b2 50. Kg2 Bf5 51. Bxf5 gxf5 52. Kg3 Qe5+ 0-1


[Site "https://www.chess.com"]

[Event "Titled Tuesday Blitz May 31 Late 2022"]
[White "Jones, Gawain C B"]
[Black "Prado Lobo, Jonas"]
[WhiteFideId "409561"]
[BlackFideId "32050666"]
[WhiteElo "2657"]
[BlackElo "2214"]
[Result "1-0"]
[Round "06"]
[TimeControl "180+1"]
[Date "2022.05.31"]
[WhiteClock "0:01:14"]
[BlackClock "0:00:04"]

1. a3 e5 2. c4 c6 3. d4 exd4 4. Qxd4 d5 5. Nc3 Nf6 6. Bf4 Be6 7. cxd5 Nxd5 8. O-O-O Qf6 9. Nxd5 Bxd5 10. Be5 Qh6+ 11. Kb1 Nd7 12. e4 Be6 13. Nf3 Bc5 14. Bxg7 Bxd4 15. Bxh6 Bxf2 16. Ng5 O-O-O 17. Nxe6 fxe6 18. Bc4 Nc5 19. Rdf1 Nxe4 20. Bxe6+ Kc7 21. Bf4+ Kb6 22. Rxf2 Nxf2 23. Be3+ c5 24. Bxf2 Rd2 25. Rf1 Re8 26. Bc4 Re4 27. b3 a5 28. Bg1 a4 29. Rc1 axb3 30. Bxb3 Rxg2 31. Bxc5+ Ka6 32. Bd5 Ree2 33. Bc4+ b5 34. Bxe2 Rxe2 35. Bd6 Rd2 36. Bf4 Rf2 37. Bg3 Rg2 38. Rc2 Rg1+ 39. Kb2 Ka5 40. Rc6 h5 41. Bc7+ Ka4 42. Ra6# 1-0


[Site "https://www.chess.com"]

[Event "Titled Tuesday Blitz May 31 Late 2022"]
[White "Jovic, Stevan"]
[Black "Melikyan, Gnel"]
[WhiteFideId "923206"]
[BlackFideId "54109990"]
[WhiteElo "2203"]
[BlackElo "1772"]
[Result "1-0"]
[Round "06"]
[TimeControl "180+1"]
[Date "2022.06.01"]
[WhiteClock "0:00:30"]
[BlackClock "0:00:09"]

1. d4 Nf6 2. c4 g6 3. Nc3 Bg7 4. e4 d6 5. Be2 O-O 6. Nf3 e5 7. O-O Nc6 8. d5 Ne7 9. Ne1 Nd7 10. Be3 f5 11. f3 f4 12. Bf2 g5 13. a4 a5 14. Nd3 b6 15. b4 h5 16. Nb5 axb4 17. Nxb4 Nf6 18. Nc6 Nxc6 19. dxc6 Be6 20. c5 bxc5 21. a5 g4 22. a6 Qe7 23. a7 Qf7 24. Kh1 Bh6 25. Bh4 g3 26. h3 Qg7 27. Re1 Nh7 28. Bf1 Bg5 29. Bxg5 Nxg5 30. Qc2 Kh7 31. Ra3 Rg8 32. Kg1 Bxh3 33. gxh3 Qf6 34. Bg2 Ne6 35. Rb1 Qe7 36. Nc3 Nd4 37. Qd1 Nxc6 38. Nd5 Qf7 39. Rb7 Rgc8 40. Nb6 Rxa7 41. Raxa7 Nxa7 42. Rxa7 Re8 43. Nd5 Rc8 44. h4 Qd7 45. Qf1 Kg7 46. Bh3 Qc6 47. Bxc8 c4 48. Rxc7+ 1-0


[Site "https://www.chess.com"]

[Event "Titled Tuesday Blitz May 31 Late 2022"]
[White "Kamsky, Gata"]
[Black "Hardaway, Brewington"]
[WhiteFideId "2000024"]
[BlackFideId "30941849"]
[WhiteElo "2645"]
[BlackElo "1768"]
[Result "1/2-1/2"]
[Round "06"]
[TimeControl "180+1"]
[Date "2022.05.31"]
[WhiteClock "0:00:16"]
[BlackClock "0:00:22"]

1. d4 Nf6 2. Nf3 e6 3. Bf4 d5 4. e3 Bd6 5. c3 c5 6. Bb5+ Nc6 7. Bg3 Ne4 8. Nbd2 Nxd2 9. Qxd2 a6 10. Bxc6+ bxc6 11. Bxd6 Qxd6 12. dxc5 Qxc5 13. Qd4 Qxd4 14. cxd4 Bd7 15. Kd2 Ke7 16. Rhc1 Rhb8 17. Rc2 f6 18. Ne1 Kd6 19. Nd3 e5 20. Rac1 Rb6 21. b3 Bf5 22. Rc5 Bxd3 23. Kxd3 a5 24. Rb1 Raa6 25. f3 Rb5 26. Rbc1 Rb4 27. Kc3 Rb5 28. Rxb5 cxb5 29. Kd3 Rc6 30. dxe5+ fxe5 31. Rxc6+ Kxc6 32. f4 Kd6 33. g4 h6 34. h4 Ke6 35. h5 Kf6 36. a3 Ke6 37. Ke2 Kf6 38. Kf3 Ke6 39. Ke2 Kf6 40. Kd3 Ke6 41. Ke2 1/2-1/2


[Site "https://www.chess.com"]

[Event "Titled Tuesday Blitz May 31 Late 2022"]
[White "Karttunen, Mika"]
[Black "Rustemov, Alexander"]
[WhiteFideId "502081"]
[BlackFideId "4119002"]
[WhiteElo "2343"]
[BlackElo "2797"]
[Result "0-1"]
[Round "06"]
[TimeControl "180+1"]
[Date "2022.05.31"]
[WhiteClock "0:00:02"]
[BlackClock "0:00:37"]

1. c4 c5 2. Nc3 g6 3. Nf3 Bg7 4. a3 Nc6 5. b4 d6 6. Rb1 Bxc3 7. dxc3 b6 8. h4 Nf6 9. Bh6 Ng4 10. Bf4 h5 11. e4 Bb7 12. Nd2 Qc7 13. f3 Nge5 14. Be2 Kf8 15. Nf1 Kg7 16. Ne3 e6 17. Qd2 Rad8 18. Kf2 Ne7 19. Bh2 f6 20. Rbc1 Nf7 21. g4 hxg4 22. Nxg4 Rh5 23. Rcg1 Rdh8 24. Bg3 f5 25. exf5 Nxf5 26. Bf4 Qe7 27. Ke1 e5 28. Be3 Nxh4 29. Kd1 Nxf3 30. Rxh5 Rxh5 31. Bxf3 Bxf3+ 32. Kc1 Bxg4 33. Rxg4 Qf6 34. Qg2 Qf5 35. Kb2 g5 36. Rg3 Kg6 37. a4 Rh4 38. a5 Rxc4 39. axb6 axb6 40. bxc5 bxc5 41. Rh3 Rg4 42. Qa8 Kf6 43. Qg8 Rg2+ 44. Ka3 Qxh3 45. Bxg5+ Nxg5 46. Qd8+ Kf5 0-1


[Site "https://www.chess.com"]

[Event "Titled Tuesday Blitz May 31 Late 2022"]
[White "Koellner, Ruben Gideon"]
[Black "Bazeev, German"]
[WhiteFideId "12993093"]
[BlackFideId "24119350"]
[WhiteElo "2583"]
[BlackElo "2493"]
[Result "1-0"]
[Round "06"]
[TimeControl "180+1"]
[Date "2022.05.31"]
[WhiteClock "0:00:05"]
[BlackClock "0:00:02"]

1. d4 Nf6 2. Bg5 c5 3. d5 d6 4. Nc3 h6 5. Bc1 g6 6. e4 Bg7 7. Be2 O-O 8. Nf3 e6 9. O-O exd5 10. exd5 a6 11. a4 Re8 12. Nd2 Nbd7 13. Nc4 Nb6 14. Nxb6 Qxb6 15. a5 Qc7 16. Bf3 Nd7 17. Re1 Rxe1+ 18. Qxe1 Nf6 19. Bf4 g5 20. Bg3 Bf5 21. Qd2 Re8 22. h3 Nd7 23. Na4 Ne5 24. Be2 Bg6 25. Nb6 f5 26. f4 Nf7 27. c3 Qe7 28. Re1 gxf4 29. Bxf4 Qh4 30. g3 Qf6 31. Bd3 Ne5 32. Be2 Qe7 33. Kf2 h5 34. h4 Qf8 35. Nc4 Nxc4 36. Bxc4 Re4 37. Bd3 Rxe1 38. Qxe1 Qf6 39. Qe6+ Qxe6 40. dxe6 Bf8 41. Bc4 Be7 42. Bd5 Be8 43. Bxb7 Bb5 44. Bd5 c4 45. Be3 Kf8 46. Bd4 f4 47. gxf4 Bxh4+ 48. Kf3 Ke7 49. f5 Bf6 50. Be3 h4 51. Kg4 Ba4 52. Bxc4 Bd1+ 53. Kh3 Bc2 54. Bxa6 Bxf5+ 55. Kh2 Be5+ 56. Kg1 h3 57. Bb7 Kxe6 58. a6 d5 59. Bc8+ Kf6 60. Bxf5 Kxf5 61. a7 h2+ 62. Kh1 1-0


[Site "https://www.chess.com"]

[Event "Titled Tuesday Blitz May 31 Late 2022"]
[White "Korchmar, Vasiliy"]
[Black "Demchenko, Anton"]
[WhiteFideId "24131750"]
[BlackFideId "4160258"]
[WhiteElo "2370"]
[BlackElo "2539"]
[Result "0-1"]
[Round "06"]
[TimeControl "180+1"]
[Date "2022.05.31"]
[WhiteClock "0:00:01"]
[BlackClock "0:00:20"]

1. e4 e5 2. Nf3 Nc6 3. Nc3 Nf6 4. h3 g6 5. d4 exd4 6. Nxd4 Bg7 7. Nxc6 bxc6 8. Bc4 O-O 9. O-O Re8 10. Bg5 h6 11. Bh4 Qe7 12. Re1 Qc5 13. Bb3 d6 14. Qf3 Qh5 15. Qxh5 Nxh5 16. f3 a5 17. a4 Rb8 18. Rad1 Be6 19. Bxe6 fxe6 20. Rb1 Rb4 21. g4 Nf4 22. Bg3 Nxh3+ 23. Kg2 Ng5 24. e5 d5 25. b3 Nf7 26. Nd1 c5 27. Nf2 c4 28. bxc4 Rxc4 29. Rb5 Rxa4 30. Rc5 Re7 31. Nd3 g5 32. Rb1 Rc4 33. Rb8+ Kh7 34. Ra8 Rxc5 35. Nxc5 Bxe5 36. Rxa5 Bxg3 37. Kxg3 Kg6 38. Ra8 Nd6 39. Rg8+ Kf7 40. Rh8 Kg7 41. Rb8 e5 42. Kf2 e4 43. Ke3 exf3+ 44. Kxf3 Ne4 45. Nd3 c5 46. Rd8 d4 47. Rd5 c4 48. Ne5 Nf6 49. Rc5 c3 0-1


[Site "https://www.chess.com"]

[Event "Titled Tuesday Blitz May 31 Late 2022"]
[White "Kruckenhauser, Arthur"]
[Black "Rostovtsev, Dmitry"]
[WhiteFideId "1642812"]
[BlackFideId "34278320"]
[WhiteElo "2243"]
[BlackElo "2274"]
[Result "0-1"]
[Round "06"]
[TimeControl "180+1"]
[Date "2022.05.31"]
[WhiteClock "0:00:12"]
[BlackClock "0:00:06"]

1. Nf3 Nf6 2. g3 Ng8 3. Bg2 g6 4. O-O Bg7 5. e4 d6 6. d4 Nf6 7. Nc3 O-O 8. e5 Nfd7 9. e6 fxe6 10. Ng5 Nb6 11. Re1 Nc6 12. d5 Nd4 13. dxe6 c5 14. Nd5 Nxd5 15. Bxd5 Qa5 16. c3 Nc6 17. Qg4 c4 18. Be4 Ne5 19. Qh4 h6 20. Nf7 Nxf7 21. exf7+ Kh7 22. Qxe7 Bf5 23. Bxb7 Rab8 24. Bf4 Qb6 25. Bg2 Qxb2 26. Bxd6 Rbd8 27. Qc7 Rd7 28. Qc5 Rfxf7 29. Be5 Bd3 30. Bxg7 Kxg7 31. Rac1 Qxa2 32. Re8 Qd2 33. Rce1 Qg5 34. R8e5 Qf6 35. f4 Qb6 36. Qxb6 axb6 37. Rb5 Rd6 38. Kf2 Ra7 39. Rb2 Ra3 40. Rc1 Rb3 41. Ra2 b5 42. Ke3 b4 43. cxb4 Bb1+ 44. Ke2 Bxa2 0-1


[Site "https://www.chess.com"]

[Event "Titled Tuesday Blitz May 31 Late 2022"]
[White "Livaic, Leon"]
[Black "Hansen, Eric"]
[WhiteFideId "14531534"]
[BlackFideId "2606771"]
[WhiteElo "2540"]
[BlackElo "2568"]
[Result "0-1"]
[Round "06"]
[TimeControl "180+1"]
[Date "2022.05.31"]
[WhiteClock "0:00:01"]
[BlackClock "0:01:26"]

1. d4 d5 2. c4 c6 3. cxd5 cxd5 4. Bf4 Nc6 5. e3 Nf6 6. Nc3 Bg4 7. Qb3 Na5 8. Qa4+ Bd7 9. Qc2 Rc8 10. Bd3 e6 11. Nf3 Bb4 12. O-O O-O 13. Ne5 h6 14. h3 Qe8 15. Rfc1 Bxc3 16. bxc3 Bb5 17. Rab1 Bxd3 18. Qxd3 Qa4 19. Rc2 b6 20. Rb4 Qe8 21. c4 dxc4 22. Nxc4 Nd5 23. Rbb2 Nxf4 24. exf4 Rxc4 25. Rxc4 Nxc4 26. Qxc4 Qd7 27. Rd2 Rc8 28. Qb3 Rc1+ 29. Kh2 Qc7 30. g3 Rc3 31. Qb5 Qc6 32. a4 Qf3 33. Qb2 h5 34. d5 h4 0-1


[Site "https://www.chess.com"]

[Event "Titled Tuesday Blitz May 31 Late 2022"]
[White "Luo, Terry"]
[Black "Riehle, Marco"]
[WhiteFideId "30931045"]
[BlackFideId "12904392"]
[WhiteElo "2024"]
[BlackElo "2462"]
[Result "0-1"]
[Round "06"]
[TimeControl "180+1"]
[Date "2022.05.31"]
[WhiteClock "0:00:19"]
[BlackClock "0:00:23"]

1. d4 d5 2. c4 e6 3. Nf3 Nf6 4. g3 b6 5. cxd5 exd5 6. Bg2 Bd6 7. O-O O-O 8. Nc3 c6 9. Bg5 h6 10. Bxf6 Qxf6 11. e4 dxe4 12. Nxe4 Qd8 13. Ne5 Bb7 14. Rc1 Re8 15. Nxd6 Qxd6 16. Qb3 Rf8 17. Rfd1 Qf6 18. Qf3 Qd6 19. Qb3 Qf6 20. d5 Qxe5 21. dxc6 Nxc6 22. Bxc6 Bxc6 23. Rxc6 Rad8 24. Rxd8 Rxd8 25. Qc2 g6 26. h4 h5 27. Rc7 Qd5 28. Qc4 Qxc4 29. Rxc4 Rd2 30. Rb4 Kf8 31. a4 Ke7 32. a5 bxa5 33. Rb7+ Rd7 34. Rb5 a4 35. Ra5 Rb7 36. Rxa4 Kd6 37. f3 Kc5 38. g4 Kb5 39. Ra3 Rc7 40. Rb3+ Ka4 41. Re3 Kb4 42. gxh5 gxh5 43. Re5 Rc2 44. Rxh5 Rxb2 45. Rf5 a5 46. h5 a4 47. h6 a3 48. Rxf7 a2 49. Ra7 Rb1+ 50. Kg2 a1=Q 51. Rxa1 Rxa1 52. Kg3 Kc5 53. Kg4 Kd6 54. Kg5 Ke7 55. Kg6 Kf8 56. h7 Rh1 57. f4 Rh2 58. f5 Rh1 59. f6 Rh2 60. f7 Rh1 61. Kf6 Rxh7 62. Kg6 Rxf7 0-1


[Site "https://www.chess.com"]

[Event "Titled Tuesday Blitz May 31 Late 2022"]
[White "Mangialardo, Tiago Carvalho"]
[Black "Sibilio, Mario"]
[WhiteFideId "2130718"]
[BlackFideId "800422"]
[WhiteElo "2122"]
[BlackElo "2296"]
[Result "0-1"]
[Round "06"]
[TimeControl "180+1"]
[Date "2022.06.01"]
[WhiteClock "0:00:02"]
[BlackClock "0:00:14"]

1. e4 c6 2. d4 d5 3. exd5 cxd5 4. Bd3 Nc6 5. c3 e5 6. dxe5 Nxe5 7. Qe2 Qe7 8. Bc2 Nf6 9. Bf4 Ng6 10. Bg3 Qxe2+ 11. Nxe2 Bc5 12. O-O O-O 13. Nd2 Bg4 14. Rfe1 Rfe8 15. Nf4 d4 16. Nb3 Nxf4 17. Bxf4 Nd5 18. Nxc5 Nxf4 19. cxd4 Ne2+ 20. Kf1 Nxd4 21. Rac1 Rxe1+ 22. Kxe1 Re8+ 23. Kd2 b6 24. Ne4 Nxc2 25. Rxc2 Rxe4 26. f3 Rf4 27. fxg4 Rf2+ 28. Kd3 Rxc2 29. Kxc2 Kf8 30. Kc3 Ke7 31. Kc4 Kd6 32. Kb5 Kc7 33. Ka6 Kb8 34. b4 g5 35. g3 f6 36. h4 h6 37. h5 Ka8 38. Kb5 Kb7 39. a4 a6+ 40. Kc4 Kc6 41. Kd4 a5 42. bxa5 bxa5 43. Kc4 Kd6 44. Kd4 Kc6 45. Kc4 Kd6 46. Kd4 Ke6 47. Ke4 Ke7 48. Kf5 Kf7 49. Ke4 Ke6 50. Kd4 f5 51. Kc5 fxg4 52. Kb5 Ke5 53. Kxa5 Ke4 54. Kb5 Kf3 55. a5 Kxg3 56. a6 Kh2 57. a7 g3 58. a8=Q g2 59. Qb8+ Kh1 60. Qb7 Kh2 61. Qc7+ Kh3 62. Qd7+ g4 63. Qd3+ g3 64. Qd7+ Kh2 0-1


[Site "https://www.chess.com"]

[Event "Titled Tuesday Blitz May 31 Late 2022"]
[White "Martin Carmona, Gaston Manuel"]
[Black "Mendoza Criollo, Carlos David"]
[WhiteFideId "22284567"]
[BlackFideId "3618323"]
[WhiteElo "2162"]
[BlackElo "1715"]
[Result "1-0"]
[Round "06"]
[TimeControl "180+1"]
[Date "2022.06.01"]
[WhiteClock "0:00:06"]
[BlackClock "0:00:04"]

1. d4 g6 2. c4 Bg7 3. Nf3 d6 4. g3 Nf6 5. Bg2 O-O 6. Nc3 c6 7. O-O Nbd7 8. Qc2 e5 9. Rd1 exd4 10. Nxd4 Re8 11. e4 Nc5 12. Be3 Qe7 13. f3 a5 14. Bf4 Nfd7 15. b3 Ne5 16. Be3 Ne6 17. Nce2 h5 18. h3 g5 19. Qd2 g4 20. Nf5 Qf6 21. hxg4 hxg4 22. Nxd6 Rd8 23. f4 Nf3+ 24. Bxf3 gxf3 25. e5 Qg6 26. Nc3 Qxg3+ 27. Kf1 Rxd6 28. Qxd6 Nxf4 29. Bf2 Bh3+ 30. Ke1 Ng2+ 31. Kd2 Qxf2+ 32. Kc1 Qe3+ 33. Qd2 Bxe5 34. Qxe3 Nxe3 35. Rg1+ Kf8 36. Kd2 Bxc3+ 37. Kxc3 f2 38. Rg3 f1=Q 39. Rxf1 Bxf1 40. Rxe3 Bg2 41. Rg3 Be4 42. Kd4 f5 43. Kc5 Ke7 44. Rg7+ Ke6 45. Rxb7 a4 46. b4 f4 47. Kd4 Bg2 48. Rg7 f3 49. Ke3 Rb8 50. a3 c5 51. b5 Ke5 52. Rg5+ Kd6 53. Rg6+ Ke7 54. Rc6 Kd7 55. Rxc5 Re8+ 56. Kf2 Re2+ 57. Kg3 f2 58. Kxg2 Ra2 59. Rd5+ Ke6 60. b6 Rxa3 61. Rb5 Rf3 62. Kf1 Ra3 63. b7 Ra1+ 64. Kxf2 Ra2+ 65. Ke3 Ra3+ 66. Kd4 Rb3 67. Rxb3 axb3 68. Kc3 1-0


[Site "https://www.chess.com"]

[Event "Titled Tuesday Blitz May 31 Late 2022"]
[White "Martinez Alcantara, Jose Eduardo"]
[Black "Vajda, Levente"]
[WhiteFideId "3805662"]
[BlackFideId "1203975"]
[WhiteElo "2690"]
[BlackElo "2573"]
[Result "1-0"]
[Round "06"]
[TimeControl "180+1"]
[Date "2022.05.31"]
[WhiteClock "0:00:24"]
[BlackClock "0:00:04"]

1. e4 e5 2. Nf3 Nc6 3. Bb5 a6 4. Ba4 Nf6 5. d3 d6 6. c3 Be7 7. h3 O-O 8. O-O Re8 9. Re1 Bf8 10. Nbd2 g6 11. Nf1 Bg7 12. Ng3 b5 13. Bc2 Bb7 14. Be3 a5 15. a4 b4 16. Bb3 Rb8 17. Bc4 bxc3 18. bxc3 d5 19. Bb5 Re6 20. Bg5 d4 21. Bxc6 Bxc6 22. cxd4 exd4 23. e5 Bxf3 24. Qxf3 Qe8 25. Bxf6 Bxf6 26. Ne4 Bg7 27. Rac1 Qd8 28. g3 Rxe5 29. h4 h6 30. Nd2 Rxe1+ 31. Rxe1 Qd7 32. Nc4 Re8 33. Ra1 c6 34. Nxa5 Qd5 35. Qxd5 cxd5 36. Nc6 Re6 37. Nb4 Bf8 38. Nxd5 Re5 39. Nb6 Bb4 40. Nc4 Re6 41. Kf1 Bc3 42. Rb1 Ra6 43. a5 Kg7 44. Rb6 Ra8 45. a6 Re8 46. Kg2 Re1 47. Rb7 Ra1 48. a7 h5 49. Nb6 1-0


[Site "https://www.chess.com"]

[Event "Titled Tuesday Blitz May 31 Late 2022"]
[White "Melikhov, Evgeny V."]
[Black "Papp, Levente"]
[WhiteFideId "4122046"]
[BlackFideId "751243"]
[WhiteElo "1931"]
[BlackElo "2308"]
[Result "1-0"]
[Round "06"]
[TimeControl "180+1"]
[Date "2022.06.01"]
[WhiteClock "0:00:07"]
[BlackClock "0:00:04"]

1. d4 Nf6 2. c4 e6 3. Nc3 Bb4 4. Qc2 O-O 5. e4 d6 6. e5 dxe5 7. dxe5 Nfd7 8. Nf3 Nc6 9. Bf4 f6 10. exf6 Qxf6 11. Be3 e5 12. O-O-O Nb6 13. Nd5 Nxd5 14. cxd5 Ne7 15. Bg5 Qd6 16. Bd3 Ng6 17. a3 Ba5 18. Bd2 Bxd2+ 19. Rxd2 Bg4 20. Ng5 Rf6 21. Ne4 Qf8 22. Nxf6+ Qxf6 23. f3 Bd7 24. Bxg6 hxg6 25. h3 Bf5 26. Qc3 Qd6 27. Re1 Re8 28. Re3 Kf7 29. b4 a5 30. Qc5 Qd7 31. Kb2 axb4 32. axb4 Ra8 33. Ra3 b6 34. Qc6 Rd8 35. Qxd7+ Rxd7 36. g4 c6 37. gxf5 gxf5 38. Kc3 cxd5 39. Ra6 d4+ 40. Kd3 Rd6 41. b5 Ke6 42. Rc2 Kd5 43. Ra8 e4+ 44. fxe4+ fxe4+ 45. Kd2 d3 46. Rc6 Rxc6 47. bxc6 Kxc6 48. Ke3 Kd5 49. Rd8+ Kc4 50. Kxe4 b5 51. Rxd3 b4 52. Rg3 b3 53. Rxg7 1-0


[Site "https://www.chess.com"]

[Event "Titled Tuesday Blitz May 31 Late 2022"]
[White "Moroni, Luca Jr"]
[Black "Terry, Renato"]
[WhiteFideId "865834"]
[BlackFideId "3803457"]
[WhiteElo "2573"]
[BlackElo "2577"]
[Result "1-0"]
[Round "06"]
[TimeControl "180+1"]
[Date "2022.05.31"]
[WhiteClock "0:00:30"]
[BlackClock "0:00:03"]

1. d4 d5 2. Bf4 Nf6 3. e3 c5 4. Nf3 Nc6 5. Nbd2 Be6 6. c3 Qb6 7. Qb3 c4 8. Qxb6 axb6 9. a3 b5 10. O-O-O Ng4 11. Bg3 f5 12. h3 Nf6 13. Ne5 g6 14. Nxc6 bxc6 15. Be5 Bh6 16. Be2 O-O 17. f4 Nd7 18. g4 Nxe5 19. dxe5 c5 20. Nf3 Rfb8 21. g5 Bg7 22. Kc2 Bf7 23. h4 e6 24. h5 Be8 25. hxg6 hxg6 26. Nd2 b4 27. axb4 Ba4+ 28. b3 Bxb3+ 29. Nxb3 Ra2+ 30. Kc1 cxb3 31. Bd3 cxb4 32. cxb4 Bf8 33. Rh3 Bxb4 34. Rdh1 Rc8+ 35. Kb1 Bf8 36. Rh8+ Kf7 37. R1h7+ Ke8 38. Bb5+ 1-0


[Site "https://www.chess.com"]